 Dungeon Crawl Stone Soup version 0.28.0-47-ge53b351184 (webtiles) character file.

Game seed: 8420234372143819029

2 bobregger the Skirmisher (level 1, 0/22 HPs)
             Began as an Ogre Gladiator on May 3, 2022.
             Was a Follower of Vehumet.
             Killed from afar by a dart slug (3 damage)
             ... with a slug dart
             ... on level 1 of the Dungeon.
             The game lasted 00:00:39 (338 turns).

bobregger the Skirmisher (Ogre Gladiator)            Turns: 338, Time: 00:00:40

Health: 0/22       AC:  3    Str: 17    XL:     1   Next: 40%
Magic:  1/1        EV: 10    Int:  9    God:    Vehumet [*.....]
Gold:   0          SH:  0    Dex: 10    Spells: 0/0 levels left

rFire   . . .      SeeInvis .   a - +0 flail
rCold   . . .      Faith    .   (no shield)
rNeg    . . .      Spirit   .   b - +0 robe
rPois   .          Reflect  .   c - +0 hat
rElec   .          Harm     .   (no cloak)
rCorr   .          Rampage  .   (gloves unavailable)
Will    .....                   (boots unavailable)
Stlth   +.........              (no amulet)
HPRegen 0.07/turn               (no ring)
MPRegen 0.07/turn               (no ring)

@: no status effects
A: large, unfitting armour, tough skin 1
a: Renounce Religion


You were on level 1 of the Dungeon.
You worshipped Vehumet.
Vehumet was aware of your devotion.
You visited 1 branch of the dungeon, and saw 1 of its levels.

Inventory:

Hand Weapons
 a - a +0 flail (weapon)
Missiles
 d - 3 throwing nets (quivered)
Armour
 b - a +0 robe (worn)
 c - a +0 hat (worn)
 f - a +0 cloak
Scrolls
 e - 2 scrolls of identify {unknown}
 h - a scroll of enchant armour {unknown}
Potions
 g - a potion of lignification {unknown}


   Skills:
 + Level 2.8 Fighting
 * Level 2.8 Maces & Flails
 - Level 2.0 Throwing
 + Level 2.7 Dodging


You couldn't memorise any spells.
You didn't know any spells.
Your spell library was empty.

Dungeon Overview and Level Annotations

Branches:
Dungeon (1/15)

Altars:
Vehumet


Innate Abilities, Weirdness & Mutations

You are too large for most types of armour.
You have tough skin. (AC +1)


Message History

The dart slug launches a dart at you. The slug dart misses you.
The dart slug launches a dart at you.
The slug dart hits you but does no damage.
The dart slug launches a dart at you. The slug dart misses you.
The dart slug bites you.
The dart slug bites you but does no damage.
The dart slug bites you. The dart slug closely misses you.
The dart slug closely misses you. The dart slug closely misses you.
The dart slug bites you but does no damage.
The dart slug barely misses you. The dart slug bites you.
The dart slug launches a dart at you. The slug dart misses you.
The dart slug bites you. The dart slug closely misses you.
The dart slug launches a dart at you. The slug dart misses you.
The dart slug closely misses you. The dart slug closely misses you.
The dart slug launches a dart at you. The slug dart hits you.
The dart slug launches a dart at you. The slug dart hits you.
The dart slug launches a dart at you. The slug dart hits you.
The dart slug bites you. The dart slug bites you. The dart slug bites you.
* * * LOW HITPOINT WARNING * * *
The dart slug bites you but does no damage.
The dart slug bites you.
* * * LOW HITPOINT WARNING * * *
The dart slug barely misses you. The dart slug launches a dart at you.
The slug dart hits you.
You die...

#.##......#.##.......#
#.##.......(##.#.###>#
#.#####.######.#.# #.#
..# #.# #.#.# #.# ###
#.# #.#.# #.# # #+#
#.#.###.# ## #.......#
.# ###.##### # #@w#
### #...# ..+ .......
### ##...###.# #....
###.#. #... #.##


You could see a dart slug.

Vanquished Creatures
  A hobgoblin (D:1)
  A kobold (D:1)
2 creatures vanquished.

Notes
Turn   | Place    | Note
-------+----------+-------------------------------------------
     0 | D:1      | bobregger the Ogre Gladiator began the quest for the Orb.
     0 | D:1      | Reached XP level 1. HP: 22/22 MP: 1/1
    24 | D:1      | Found a faded altar of an unknown god.
   139 | D:1      | Prayed at the altar of an unknown god.
   139 | D:1      | Became a worshipper of Vehumet
   139 | D:1      | Reached * piety under Vehumet
   139 | D:1      | Offered knowledge of Shock by Vehumet.
   338 | D:1      | Killed from afar by a dart slug

Illustrated notes

Levels and vault maps discovered:
D:1:      saegor_arrival_simple_d, layout_loops_corners,
          ebering_ecumenical_altar_rust

Action                   || total
-------------------------++-------
Melee: Flail             ||     5
Armor: Robe              ||     4
Dodge: Dodged            ||    15
